Map: Yellowjacket

Players

Markoh

  • Race: Protoss Protoss
  • Spawn Location: 3:00

David

  • Race: Terran Terran
  • Spawn Location: 1:00

Nekro - Winner!

  • Race: Terran Terran
  • Spawn Location: 7:00

Highesforeva - Winner!

  • Race: Protoss Protoss
  • Spawn Location: 9:00

VOD

Have the link to the VOD?

Description

Time

  • Played on: April 10, 2025, 9:41 a.m.
  • Length: 16:48
Show
View Real Time Build Order
Export as new Build Order

Markoh Protoss 

Build Orders: Oracle Opening 

Get SALT Encoding   

  12  0:09  Pylon  
  12  0:14  Probe  
  13  0:28  Gateway  
  13  0:36  Assimilator, Probe  
  14  0:44  Probe  
  15  0:54  Probe  
  16  1:02  Probe  
  16  1:03  Assimilator  
  16  1:10  Probe  
  18  1:18  Cybernetics Core  
  18  1:20  Probe  
  19  1:32  Probe  
  20  1:42  Pylon  
  20  1:44  Probe  
  21  1:55  Stargate  
  21  1:56  Probe  
  22  2:05  Forge  
  22  2:08  Probe  
  23  2:29  Oracle  
  26  2:46  Pylon  
  26  2:49  Shield Battery  
  26  2:51  Photon Cannon  
  26  2:56  Oracle, Probe  
  27  3:08  Probe  
  31  3:15  Pylon  
  31  3:20  Probe  
  32  3:32  Probe  
  37  3:39  Void Ray  
  37  3:54  Nexus  
  37  3:58  Probe  
  38  4:11  Probe  
  36  4:31  Probe  
  36  4:37  Nexus  
  37  4:43  Probe  
  37  4:44  Assimilator  
  38  4:55  Probe  
  41  5:02  Pylon  
  41  5:08  Probe  
  41  5:12  Stargate  
  41  5:14  Stargate  
  40  5:27  Stargate  
  40  5:48  Probe  
  41  5:54  Probe x2  
  43  6:00  Probe  
  52  6:05  Void Ray x2  
  52  6:06  Probe x2  
  54  6:12  Probe  
  59  6:18  Void Ray, Probe x2  
  59  6:20  Assimilator  
  59  6:22  Assimilator  
  59  6:24  Probe  
  62  6:29  Assimilator  
  62  6:31  Pylon  
  62  6:36  Protoss Shields Level 1  
  62  6:49  Protoss Air Weapons Level 1, Probe x3  
  69  7:01  Probe x2  
  69  7:02  Void Ray, Probe  
  72  7:13  Probe  
  70  7:18  Probe x2  
  76  7:23  Void Ray  
  76  7:25  Probe  
  77  7:30  Probe x2  
  79  7:38  Probe  
  79  7:42  Probe  
  81  8:05  Void Ray x2, Probe x2  
  93  8:06  Void Ray, Probe  
  84  8:18  Probe x3  
  87  8:30  Probe x3  
  90  8:42  Probe  
  91  9:00  Void Ray  
  91  9:05  Probe x2  
  93  9:22  Pylon  
  93  9:24  Pylon  
  93  9:26  Pylon  
  93  9:30  Fleet Beacon  
  93  9:32  Stargate  
  93  9:37  Pylon  
  93  9:38  Stargate  
  93  9:40  Probe x3  
  108  9:59  Cybernetics Core  
  108  10:01  Twilight Council  
  104  10:08  Tempest x2  
  104  10:10  Protoss Air Armor Level 1  
  100  10:18  Tempest x2  
  100  10:20  Probe x2  
  100  10:21  Probe  
  99  10:32  Probe x2  
  99  10:33  Probe  
  102  10:44  Probe  
  102  10:45  Probe x2  
  102  10:47  Nexus  
  105  10:51  Tempest x2, Pylon  
  105  10:56  Probe  
  105  10:57  Probe x2  
  115  11:01  Tempest  
  120  11:08  Probe  
  120  11:09  Probe  
  114  11:20  Probe  
  114  11:21  Probe  
  114  11:24  Tempest  
  112  11:30  Void Ray  
  112  11:39  Void Ray  
  120  11:45  Probe x2  
  130  11:50  Void Ray  
  130  11:54  Assimilator  
  130  11:56  Probe  
  131  12:02  Assimilator, Probe x3  
  131  12:05  Pylon, Probe  
  131  12:06  Pylon  
  131  12:07  Pylon  
  142  12:13  Void Ray x2  
  142  12:14  Protoss Air Weapons Level 2, Probe  
  148  12:22  Void Ray  
  148  12:23  Probe  
  148  12:24  Probe  
  148  12:26  Probe  
  152  12:30  Void Ray  
  152  12:32  Unknown  
  152  12:35  Probe  
  151  12:45  Nexus  
  151  12:46  Void Ray  
  151  12:47  Pylon, Probe  
  156  12:57  Probe  
  157  13:04  Void Ray  
  157  13:05  Void Ray  
  165  13:06  Pylon  
  165  13:07  Pylon  
  165  13:14  Pylon  
  165  13:15  Pylon  
  169  13:30  Void Ray  
  165  13:41  Void Ray  
  173  13:47  Void Ray  
  173  13:48  Void Ray  
  133  14:03  Probe x2  
  133  14:04  Probe  
  132  14:13  Void Ray  
  132  14:15  Probe  
  125  14:31  Nexus  
Show
View Real Time Build Order
Export as new Build Order

David Terran 

Build Orders:  

Get SALT Encoding   

  12  0:02  SCV  
  13  0:18  Supply Depot  
  13  0:22  SCV  
  14  0:34  SCV  
  15  0:44  Barracks  
  15  0:46  SCV  
  16  0:58  SCV  
  17  1:15  SCV  
  18  1:27  SCV  
  18  1:30  Refinery  
  19  1:39  SCV  
  20  1:59  Supply Depot  
  20  2:00  Marine  
  21  2:04  SCV  
  22  2:16  SCV  
  22  2:17  Refinery  
  22  2:19  Supply Depot  
  22  2:21  Marine  
  24  2:27  Engineering Bay  
  24  2:28  SCV  
  25  2:38  Marine  
  25  2:40  SCV  
  25  2:43  Bunker  
  27  2:50  Bunker  
  27  2:52  SCV  
  27  2:53  Factory  
  27  2:56  Marine  
  29  3:05  SCV  
  30  3:14  Marine  
  30  3:17  SCV  
  32  3:22  Supply Depot  
  32  3:26  Supply Depot  
  32  3:31  Terran Infantry Weapons Level 1  
  32  3:32  Marine  
  33  3:40  SCV  
  34  3:50  Marine, Barracks  
  34  3:52  SCV  
  34  3:54  Factory Tech Lab  
  36  3:59  Missile Turret  
  36  4:04  SCV  
  36  4:07  Marine  
  38  4:16  SCV  
  39  4:25  Marine  
  39  4:28  SCV, Siege Tank  
  44  4:49  Command Center  
  44  4:56  Barracks Tech Lab  
  44  5:00  Siege Tank  
  47  5:08  Barracks Tech Lab  
  45  5:21  Marine  
  45  5:25  Terran Infantry Armor Level 1  
  45  5:28  SCV  
  46  5:32  Siege Tank  
  49  5:38  Marine  
  49  5:40  SCV  
  49  5:41  Marine  
  52  5:53  SCV  
  52  5:56  Marine  
  54  5:59  Marine  
  55  6:04  Siege Tank  
  55  6:05  SCV  
  59  6:14  Marine  
  59  6:16  Supply Depot  
  59  6:17  Supply Depot, SCV, Marine  
  62  6:27  SCV  
  63  6:39  SCV  
  64  6:42  Supply Depot  
  64  6:44  Marine x2  
  66  6:51  SCV  
  67  6:56  Bunker  
  67  7:02  Marine x2  
  67  7:03  SCV, Starport  
  70  7:09  Starport  
  70  7:15  SCV  
  71  7:19  Marine  
  71  7:20  Marine  
  73  7:28  Cyclone  
  76  7:36  Combat Shield  
  76  7:37  Marine  
  77  7:50  SCV  
  78  7:53  Starport Tech Lab  
  78  7:55  Starport Tech Lab  
  78  8:00  Cyclone, Starport  
  78  8:01  Fusion Core, Marine x2  
  78  8:02  SCV  
  84  8:14  SCV  
  84  8:19  Marine x2  
  86  8:26  SCV  
  88  8:32  Cyclone  
  76  8:38  SCV  
  63  8:48  Starport Tech Lab  
  46  9:08  Supply Depot  
  45  9:32  Command Center  
  45  9:33  Supply Depot  
  45  9:34  Cyclone  
  48  9:39  Marine x2  
  50  9:57  Marine x2  
  55  10:06  SCV, Cyclone  
  56  10:15  Supply Depot, Marine x2  
  56  10:18  SCV  
  59  10:23  Neosteel Armor  
  59  10:30  SCV  
  59  10:32  Marine  
  59  10:33  Marine  
  62  10:37  Supply Depot  
  62  10:38  Cyclone  
  65  10:43  SCV  
  65  10:46  Refinery  
  66  10:50  Marine  
  66  10:51  Marine  
  66  10:55  SCV  
  69  11:00  Supply Depot  
  69  11:10  Cyclone, Refinery  
  57  11:17  Medivac x2  
  49  11:22  Marine  
  49  11:23  Marine  
  45  11:26  Banshee  
  42  11:40  SCV, Marine  
  42  11:41  Marine  
  42  11:43  Cyclone  
  48  11:52  SCV  
  49  11:58  Marine x2, Banshee x2  
  57  12:04  SCV  
  48  12:16  Marine x2  
  47  12:29  Banshee  
  44  12:34  Marine x2  
  46  12:40  Banshee  
  46  12:41  SCV  
  50  12:51  Marine  
  50  12:52  Marine  
  50  12:53  SCV  
  53  13:09  Marine  
  53  13:12  Supply Depot  
  54  13:32  SCV  
  55  13:36  Supply Depot  
  55  13:44  SCV  
  56  13:56  SCV  
  56  13:59  Supply Depot  
  57  14:03  Marine  
  57  14:04  Marine  
  57  14:08  SCV  
  58  14:21  Marine x2  
  39  14:27  Medivac  
  41  14:39  Marine  
  46  14:53  Marine  
  46  14:56  Marine, Medivac  
  50  15:10  Marine  
  48  15:14  Marine  
  44  15:28  Marine  
  44  15:32  Marine  
  27  15:46  Marine  
  24  15:50  Marine  
Show
View Real Time Build Order
Export as new Build Order

Nekro Terran - Winner!

Build Orders:  

Get SALT Encoding   

  12  0:00  SCV  
  13  0:16  SCV  
  13  0:17  Supply Depot  
  14  0:28  SCV  
  15  0:40  SCV, Barracks  
  16  0:50  Refinery  
  16  0:52  SCV  
  17  1:04  SCV  
  18  1:16  SCV  
  19  1:28  SCV  
  20  1:34  Marine  
  21  1:40  SCV  
  21  1:41  Command Center  
  22  1:54  Factory  
  22  1:56  SCV  
  23  2:15  Supply Depot  
  23  2:18  Refinery  
  23  2:22  Barracks Reactor  
  23  2:28  Orbital Command  
  23  2:39  Engineering Bay  
  23  2:44  Factory Tech Lab  
  23  2:54  SCV, Starport  
  23  2:57  SCV  
  25  3:14  Marine x2  
  25  3:17  Siege Tank  
  30  3:24  SCV  
  31  3:33  SCV  
  32  3:34  Barracks  
  32  3:36  SCV  
  33  3:46  Missile Turret  
  33  3:50  Missile Turret  
  33  3:56  Marine x2, Missile Turret  
  33  3:57  Starport Reactor  
  35  4:08  Supply Depot  
  35  4:22  Barracks Tech Lab  
  34  4:33  Orbital Command  
  34  4:34  SCV  
  35  4:41  Marine x2  
  35  4:42  Marauder  
  39  4:45  Medivac  
  39  4:46  SCV  
  39  4:52  Stimpack  
  42  4:59  SCV x2  
  44  5:01  Marine  
  44  5:03  Marine  
  46  5:08  Medivac  
  46  5:11  SCV x2  
  50  5:14  Siege Tank  
  53  5:25  SCV  
  54  5:38  Supply Depot  
  54  5:43  Supply Depot  
  54  5:47  Supply Depot  
  54  5:59  Marine x2  
  54  6:00  SCV, Marauder, Terran Infantry Weapons Level 1, Siege Tank  
  62  6:05  SCV  
  62  6:06  Supply Depot  
  63  6:11  Barracks  
  63  6:12  SCV  
  63  6:13  Supply Depot  
  63  6:14  Medivac  
  63  6:17  SCV  
  67  6:20  Marine  
  67  6:22  Marine  
  67  6:24  SCV  
  70  6:29  SCV  
  71  6:33  Supply Depot  
  71  6:36  Siege Tank  
  74  6:44  SCV  
  74  6:45  SCV  
  74  6:46  Barracks  
  76  6:48  Refinery  
  76  6:51  Refinery  
  76  6:57  SCV x2  
  78  7:01  Barracks Reactor  
  78  7:04  Barracks  
  78  7:05  Marine x2  
  80  7:09  SCV x2  
  82  7:16  Siege Tank, Marauder  
  82  7:19  Medivac  
  89  7:29  Command Center  
  89  7:48  Marine x5  
  89  7:49  Siege Tank, Marauder  
  99  7:52  Viking  
  100  8:10  Marauder  
  101  8:12  Marine  
  102  8:31  Marine  
  102  8:32  Marine  
  102  8:33  Marine x3  
  102  8:34  Marauder  
  94  8:44  Siege Tank  
  92  8:49  Marine  
  92  8:50  Marine x3  
  92  8:51  Marine  
  97  8:55  Marauder  
  93  9:06  Viking x2  
  93  9:07  Marine  
  93  9:08  Marine x3  
  93  9:09  Marine  
  94  9:17  Marauder  
  94  9:29  SCV  
  94  9:30  SCV  
  94  9:31  Marine x4  
  96  9:35  Siege Tank  
  96  9:36  Viking  
  108  9:38  Marauder  
  108  9:41  SCV  
  108  9:42  SCV  
  108  9:43  Planetary Fortress  
  110  9:49  Marine x4, Barracks Reactor  
  113  9:53  Starport  
  113  9:54  SCV x2  
  113  9:59  Factory  
  115  10:06  SCV x2, Terran Infantry Armor Level 1  
  117  10:11  Barracks  
  117  10:22  Barracks Reactor  
  117  10:35  Barracks  
  117  10:44  Refinery x2  
  117  10:48  Armory  
  117  10:51  Supply Depot  
  117  11:02  Engineering Bay  
  117  11:06  SCV x2  
  117  11:07  Marine  
  117  11:08  Marine  
  117  11:09  Marine x2  
  117  11:10  Marine  
  117  11:11  SCV  
  117  11:12  Marine  
  117  11:13  Marine, Missile Turret, Viking  
  117  11:16  Viking x2  
  117  11:18  SCV  
  125  11:19  SCV  
  125  11:23  SCV  
  125  11:25  Marine  
  117  11:27  Marine  
  117  11:32  Marine x3  
  111  11:33  Marine x2, Marauder  
  111  11:34  Supply Depot, Missile Turret  
  118  11:43  Viking  
  118  11:44  Supply Depot, SCV x2, Marine x2  
  118  11:45  Marine  
  118  11:46  Factory Tech Lab  
  125  11:48  Starport Reactor  
  125  11:56  Marine, Marauder, Viking  
  125  12:00  Supply Depot, Thor  
  136  12:04  Supply Depot  
  136  12:08  Supply Depot  
  135  12:18  Marauder  
  133  12:28  Supply Depot  
  117  12:39  Marauder  
  117  12:40  Viking x2  
  117  12:41  Viking x2  
  117  12:42  Marine  
  117  12:43  Marine x7  
  125  12:52  Thor  
  131  13:00  Marine, Thor, Marauder  
  131  13:02  Marine  
  141  13:10  Viking x2  
  141  13:11  Viking x2  
  149  13:17  Marine x2  
  149  13:18  Marine  
  149  13:19  Marine, Command Center  
  153  13:21  Marine x2  
  155  13:36  Hellion  
  155  13:40  Viking x2  
  155  13:41  Viking x2  
  156  13:53  Marine x5  
  156  13:54  Marine x3, Marauder  
  154  14:03  Thor  
  152  14:10  Viking  
  152  14:11  Marine x3  
  152  14:15  Marauder  
  150  14:19  Marine x2  
  150  14:20  Marine x3  
  144  14:29  Marine x3  
  147  14:36  Marauder  
  147  14:37  Marine x2  
  147  14:38  Marine x3  
  154  14:46  Marine  
  154  14:47  SCV x4, Refinery  
  159  14:53  Marine x2  
  159  14:55  Marine x3  
  159  14:56  Siege Tank  
  159  14:58  Marauder  
  169  15:07  Medivac x3  
  171  15:08  Medivac  
  177  15:19  Marauder  
  179  15:25  Marine x6  
  179  15:26  Marine x2  
  179  15:27  Siege Tank  
  188  15:39  Supply Depot  
  188  15:40  Marine  
  189  15:43  Marine x6  
  195  16:01  Marauder  
Show
View Real Time Build Order
Export as new Build Order

Highesforeva Protoss - Winner!

Build Orders: Carriers, Proxy Void Ray 

Get SALT Encoding   

  12  0:00  Probe  
  13  0:08  Probe  
  14  0:18  Probe  
  15  0:31  Pylon  
  15  0:34  Assimilator  
  15  0:49  Probe  
  16  0:51  Gateway  
  16  1:01  Probe  
  17  1:13  Probe  
  18  1:35  Probe  
  19  1:43  Cybernetics Core  
  19  1:47  Probe  
  20  1:59  Probe  
  21  2:06  Pylon  
  21  2:14  Assimilator  
  21  2:19  Forge  
  21  2:24  Stargate  
  21  2:33  Pylon  
  21  2:35  Probe  
  22  2:47  Probe  
  22  2:49  Nexus  
  23  2:59  Probe  
  23  3:03  Void Ray  
  28  3:18  Shield Battery  
  28  3:32  Void Ray  
  32  3:44  Photon Cannon  
  32  3:53  Shield Battery  
  32  4:03  Void Ray  
  32  4:09  Probe  
  37  4:18  Probe  
  38  4:27  Probe  
  39  4:39  Probe, Photon Cannon  
  36  5:26  Stargate  
  36  5:27  Void Ray  
  36  5:28  Shield Battery  
  40  5:36  Probe  
  40  5:38  Stargate  
  40  5:40  Assimilator  
  40  5:42  Assimilator  
  41  5:44  Probe  
  42  5:51  Protoss Air Weapons Level 1  
  42  5:52  Probe  
  43  6:03  Void Ray  
  47  6:11  Probe  
  48  6:19  Probe  
  48  6:23  Pylon  
  48  6:25  Void Ray, Pylon  
  53  6:29  Probe  
  54  6:45  Nexus  
  54  6:49  Probe  
  55  7:01  Probe  
  60  7:13  Probe  
  41  7:38  Pylon  
  41  7:57  Stargate  
  41  7:58  Fleet Beacon  
  35  7:59  Probe  
  35  8:03  Stargate  
  35  8:04  Stargate  
  36  8:07  Probe  
  37  8:17  Probe  
  37  8:18  Probe  
  38  8:26  Probe  
  39  8:29  Probe  
  39  8:32  Carrier  
  41  8:36  Probe  
  42  8:48  Carrier, Probe  
  55  8:49  Carrier  
  55  8:51  Protoss Air Weapons Level 2  
  55  8:52  Probe  
  62  8:55  Pylon  
  62  9:00  Probe  
  63  9:04  Probe  
  64  9:15  Assimilator  
  64  9:16  Assimilator  
  64  9:18  Probe  
  65  9:24  Stargate  
  65  9:30  Probe  
  66  9:33  Protoss Shields Level 1  
  66  9:37  Carrier  
  66  9:42  Probe  
  73  10:05  Pylon  
  73  10:08  Pylon  
  67  10:22  Carrier  
  67  10:23  Carrier  
  67  10:24  Carrier  
  67  10:27  Shield Battery  
  79  10:32  Shield Battery  
  85  10:45  Carrier  
  91  11:11  Photon Cannon  
  91  11:13  Anion Pulse-Crystals  
  91  11:22  Stargate  
  91  11:24  Stargate  
  91  11:37  Pylon  
  91  11:45  Pylon  
  91  11:55  Mothership, Pylon  
  99  12:03  Carrier  
  105  12:19  Cybernetics Core  
  105  12:39  Carrier  
  111  12:49  Pylon  
  111  12:50  Protoss Ground Weapons Level 1  
  111  12:52  Pylon  
  111  12:54  Twilight Council  
  111  12:56  Gateway  
  111  13:00  Cybernetics Core  
  111  13:19  Pylon  
  111  13:25  Pylon  
  111  13:42  Cybernetics Core  
  111  13:44  Cybernetics Core, Phoenix x4  
  111  13:48  Cybernetics Core  
  119  13:56  Shield Battery  
  119  13:58  Shield Battery  
  119  13:59  Phoenix  
  121  15:23  Nexus  
Tags
 
Add a new tag
Caveats
  • Supply blocks, unpowered buildings, or Contaminate may cause inaccurate times.
  • Supply counts are checked every 10 seconds.